 Dungeon Crawl Stone Soup version 0.29.1-15-g9cfb28693d (webtiles) character file.

Game seed: 13643754987010869514

141 javelincjr the Magician (level 5, -2/38 HPs)
             Began as a Demonspawn Hedge Wizard on Apr 5, 2023.
             Slain by a gnoll
             ... wielding a +0 mace
              (11 damage)
             ... on level 3 of the Dungeon.
             The game lasted 00:17:23 (3840 turns).

javelincjr the Magician (Demonspawn Hedge Wizard)   Turns: 3840, Time: 00:17:24

Health: -2/38      AC:  2    Str: 13    XL:     5   Next: 3%
Magic:  3/10       EV: 12    Int: 15    God:
Gold:   88         SH:  4    Dex: 12    Spells: 6/11 levels left

rFire   . . .      SeeInvis .   o - +0 dagger (venom)
rCold   . . .      Faith    .   (no shield)
rNeg    . . .      Spirit   .   b - +0 robe
rPois   .          Reflect  .   c - +0 hat
rElec   .          Harm     .   (no cloak)
rCorr   .          Rampage  .   (no gloves)
Will    .....                   (no boots)
Stlth   ++........              (no amulet)
HPRegen 0.12/turn               (no ring)
MPRegen 0.12/turn               (no ring)

@: no status effects
A: horns 1, large bone plates 1, ignite blood 1
a: no special abilities


You were on level 3 of the Dungeon.
You visited 1 branch of the dungeon, and saw 3 of its levels.

You collected 88 gold pieces.

Inventory:

Hand Weapons
 a - a +0 dagger
 o - a +0 dagger of venom (weapon)
Missiles
 m - 4 poisoned darts
 n - 4 javelins
Armour
 b - a +0 robe (worn)
 c - a +0 hat (worn)
Scrolls
 e - 4 scrolls of identify {unknown}
 f - a scroll of magic mapping {unknown}
 h - a scroll of teleportation {unknown}
 i - a scroll of enchant armour {unknown}
 j - a scroll of immolation {unknown}
 k - a scroll of enchant weapon {unknown}
Potions
 d - a potion of magic
 g - a potion of ambrosia {unknown}
 l - a potion of flight {unknown}
 p - a potion of attraction {unknown}
 q - a potion of lignification {unknown}


   Skills:
 * Level 2.1 Fighting
 + Level 1.2 Armour
 + Level 2.2 Dodging
 - Level 1.7 Stealth
 * Level 3.6 Spellcasting
 + Level 1.7 Conjurations
 + Level 1.7 Summonings
 + Level 1.5 Translocations


You had 6 spell levels left.
You knew the following spells:

 Your Spells              Type           Power      Damage    Failure   Level
a - Magic Dart            Conj           28%        1d4       10%         1
b - Call Imp              Summ           8%         N/A       14%         2
c - Blink                 Tloc           14%        N/A       16%         2

Your spell library contained the following spells:

 Spells                   Type           Power      Damage    Failure   Level
 Slow                     Hex            8%         N/A       19%         1
 Conjure Flame            Conj/Fire      5%         6-21      36%         3
 Mephitic Cloud           Conj/Pois/Air  4%         N/A       41%         3


Dungeon Overview and Level Annotations

Branches:
Dungeon (3/15)

Altars:
Kikubaaqudgha

Annotations:
D:3 1 runed translucent door, Danienth's ghost, amateur HuNe


Innate Abilities, Weirdness & Mutations

You have a pair of small horns on your head.
You are partially covered in large bone plates. (SH +4)
Your demonic aura sometimes causes spilled blood to erupt in flames.


Message History

The gnoll hits your crimson imp with a +0 flail!
Your crimson imp blinks!
You hit the adder.
The adder is poisoned.
The adder is lightly wounded.
The adder barely misses you. The adder bites you.
You hit the gnoll.
The gnoll is poisoned.
The gnoll is lightly wounded.
The adder bites you. The gnoll closely misses you.
You hit the orc.
The orc is poisoned.
The orc is moderately wounded.
The adder barely misses you. The orc misses you.
The gnoll hits you with a +0 flail!
Casting: Call Imp (safe; 14% risk of failure)
Confirm with . or Enter, or press ? or * to list all spells.
You blink.
You block the gnoll's attack.
The adder closely misses your crimson imp.
Your crimson imp hits the adder.
The adder dies!
You hit the gnoll.
The gnoll is poisoned.
The gnoll is lightly wounded.
The gnoll is engulfed in blazing flames.
You kill the gnoll!
Your crimson imp hits the gnoll.
You have reached level 5!
Your demonic ancestry asserts itself...
A pair of horns grows on your head!
The gnoll hits your crimson imp with a +0 flail!
Your crimson imp dies!
Your crimson imp disappears in a puff of smoke!
You kill the orc!
You barely miss the gnoll.
You headbutt the gnoll, but do no damage.
The gnoll hits you with a +0 mace!
* * * LOW HITPOINT WARNING * * *
Your magical contamination has completely faded away.
You barely miss the gnoll.
You feel stable enough to blink again.
You kill the gnoll!
The gnoll hits you with a +0 mace!
You die...

#...~≈≈...# .# .#
...~~~~~..# ..) ...
.⌠......$.# #.##'##.#
........).# ..#...#..
#.####.†.#####.'...'.
......§..###...# ..#
#####§))##..#.##'##.#
#§...............
#.@g....#.#.#.#.
#...........###
#.......###...#
####...## ###)..#
##...# ...#....
#.#..##.... ##.
#.##...#.##K
#######.###........
#...................


You could see a gnoll.

Vanquished Creatures
  3 gnolls (D:3)
  3 adders
  A dart slug (D:3)
  4 orcs (D:3)
  4 ball pythons
  5 endoplasms
  A giant cockroach (D:2)
  5 goblins
  2 hobgoblins
  4 kobolds
  2 bats (D:3)
  5 frilled lizards
  4 rats
43 creatures vanquished.

Vanquished Creatures (collateral kills)
  2 gnolls (D:3)
  2 adders
  2 worms (D:2)
  An orc (D:3)
  A ball python (D:3)
  A kobold (D:3)
9 creatures vanquished.

Grand Total: 52 creatures vanquished

Notes
Turn   | Place    | Note
-------+----------+-------------------------------------------
     0 | D:1      | javelincjr the Demonspawn Hedge Wizard began the quest for
                  | the Orb.
     0 | D:1      | Reached XP level 1. HP: 13/13 MP: 4/4
   108 | D:1      | Reached skill level 1 in Translocations
   435 | D:1      | Gained mutation: Your demonic aura sometimes causes spilled
                  | blood to erupt in flames. [demonic ancestry]
   435 | D:1      | Reached XP level 2. HP: 13/20 MP: 1/6
   658 | D:1      | You fall into a shaft and drop 1 floor!
   785 | D:2      | Reached skill level 1 in Fighting
  1000 | D:2      | HP: 1/21 [worm (10)]
  1100 | D:2      | Learned a level 2 spell: Call Imp
  1103 | D:2      | Learned a level 2 spell: Blink
  1341 | D:2      | Gained mutation: You are partially covered in large bone
                  | plates. (SH +4) [demonic ancestry]
  1341 | D:2      | Reached XP level 3. HP: 21/26 MP: 0/7
  2346 | D:3      | Found a runed translucent door.
  2968 | D:3      | Reached XP level 4. HP: 32/32 MP: 7/9
  3141 | D:3      | Noticed Danienth's ghost (amateur HuNe)
  3163 | D:3      | Reached skill level 1 in Armour
  3826 | D:3      | Found an ancient bone altar of Kikubaaqudgha.
  3837 | D:3      | Gained mutation: You have a pair of small horns on your
                  | head. [demonic ancestry]
  3837 | D:3      | Reached XP level 5. HP: 17/38 MP: 2/10
  3840 | D:3      | Slain by a gnoll

Illustrated notes

Levels and vault maps discovered:
D:1:      lightli_arrival_farm, layout_basic,
          hellmonk_ecumenical_altar_arch_garden
D:2:      layout_basic
D:3:      layout_rooms, kiku_gazebo_pond_becter, hellmonk_ghost_happy_afterlife,
          serial_glass, glass_columns_a, glass_columns_a, due_unseen_surprise,
          minmay_strange_pillars, item_on_display_a, minmay_misc_feat_doors,
          hangedman_glass_teeth, chequers_arboretum, serial_park_tiny_pond,
          chequers_jeans

Skill      XL: |  1  2  3  4 |
---------------+-------------+-----
Translocations | 1 |  1.5
Fighting       | 1 2 |  2.1
Dodging        | 2 |  2.2
Armour         | 1 |  1.2
Stealth        | |  1.7
Spellcasting   | |  3.6
Conjurations   | |  1.7
Summonings     | |  1.7

Action                   |  1- 3 |  4- 6 || total
-------------------------+-------+-------++-------
Melee: Dagger            |    77 |    22 ||    99
       Punch             |     2 |       ||     2
       Headbutt          |       |     1 ||     1
 Cast: Magic Dart        |    83 |    11 ||    94
       Call Imp          |     9 |     8 ||    17
       Blink             |     1 |     1 ||     2
  Use: Potion            |       |     1 ||     1
Armor: Robe              |     6 |     5 ||    11
Dodge: Dodged            |    40 |    31 ||    71
Block: Other             |     5 |     5 ||    10
